 Dungeon Crawl Stone Soup version 0.28-a0-773-g130ae17fe5 (webtiles) character file.

Game seed: 17455047711365944134

158 iamoutofideas the Grasshopper (level 5, -11/43 HPs)
             Began as a Gnoll Warper on Nov 1, 2021.
             Mangled by a mummy (16 damage)
             ... in an ossuary.
             The game lasted 00:03:49 (4017 turns).

iamoutofideas the Grasshopper (Gnoll Warper)        Turns: 4017, Time: 00:03:50

Health: -11/43     AC:  9    Str: 11    XL:     5   Next: 39%
Magic:  12/12      EV: 13    Int: 12    God:
Gold:   151        SH:  0    Dex: 12    Spells: 3/14 levels left

rFire   . . .      SeeInvis .   a - +0 hand axe
rCold   . . .      Faith    .   (no shield)
rNeg    . . .      Spirit   .   b - +0 leather armour
rPois   .          Reflect  .   e - +2 hat
rElec   .          Harm     .   (no cloak)
rCorr   .          Rampage  .   (no gloves)
Will    .....                   (no boots)
Stlth   +.........              (no amulet)
HPRegen 0.14/turn               m - +4 ring of protection
MPRegen 0.13/turn               (no ring)

@: no status effects
A: fangs 1, strong nose, distributed training
a: no special abilities


You were in an ossuary.
You visited 1 branch of the dungeon, and saw 4 of its levels.
You also visited: Ossuary.

You collected 151 gold pieces.

Inventory:

Hand Weapons
 a - a +0 hand axe (weapon)
 u - a +0 hand axe
Missiles
 d - 5 boomerangs of dispersal
 r - a boomerang (quivered)
 t - a throwing net
Armour
 b - a +0 leather armour (worn)
 e - a +2 hat (worn)
 n - a +0 ring mail
Jewellery
 j - a ring of flight
 m - a +4 ring of protection (left hand)
Wands
 g - a wand of flame (17)
Scrolls
 c - a scroll of blinking
 k - a scroll of amnesia
 s - a scroll of identify
 x - a scroll of enchant armour {unknown}
 y - a scroll of immolation
Potions
 f - a potion of mutation
 h - a potion of magic {unknown}
 i - 2 potions of might {unknown}
 l - 2 potions of invisibility {unknown}
 o - 2 potions of attraction {unknown}
 p - 3 potions of curing
 q - a potion of haste {unknown}
 v - a potion of heal wounds {unknown}
 w - a potion of flight {unknown}


   Skills:
 + Level 4.8 Fighting
 + Level 1.4 Short Blades
 + Level 1.4 Long Blades
 + Level 4.8 Axes
 + Level 1.4 Maces & Flails
 + Level 1.4 Polearms
 + Level 1.4 Staves
 + Level 1.4 Slings
 + Level 1.4 Bows
 + Level 1.4 Crossbows
 + Level 3.0 Throwing
 + Level 3.0 Armour
 + Level 4.8 Dodging
 + Level 1.4 Stealth
 + Level 1.4 Shields
 + Level 1.4 Unarmed Combat
 + Level 5.2 Spellcasting
 + Level 1.1 Conjurations
 + Level 1.1 Hexes
 + Level 1.1 Summonings
 + Level 1.1 Necromancy
 + Level 5.5 Translocations
 + Level 1.1 Transmutations
 + Level 1.1 Fire Magic
 + Level 1.1 Ice Magic
 + Level 1.1 Air Magic
 + Level 1.1 Earth Magic
 + Level 1.1 Poison Magic
 + Level 1.6 Invocations
 + Level 1.4 Evocations


You had 3 spell levels left.
You knew the following spells:

 Your Spells              Type           Power      Damage    Failure   Level
a - Blink                 Tloc           32%        N/A       3%          2
b - Gell's Gravitas       Tloc           16%        N/A       8%          3
c - Lesser Beckoning      Tloc           16%        N/A       8%          3
d - Teleport Other        Tloc           16%        N/A       8%          3

Your spell library contained the following spells:

 Spells                   Type           Power      Damage    Failure   Level
 Manifold Assault         Tloc           16%        N/A       56%         5
 Storm Form               Tmut/Air       2%         N/A       100%        7


Dungeon Overview and Level Annotations

Branches:
Dungeon (4/15)            Ossuary (1/1)
 Temple: D:4-7

Altars:
Hepliaklqana

Shops:
D:1 !


Innate Abilities, Weirdness & Mutations

You have very sharp teeth.
Your uncanny sense of smell can sniff out nearby items.
Your experience applies equally to all skills.


Message History

You hit the mummy but do no damage. The mummy completely misses you.
You closely miss the mummy.
The mummy is almost destroyed.
You barely miss the mummy. The mummy hits you but does no damage.
You barely miss the mummy.
The mummy is almost destroyed.
You hit the mummy but do no damage. The mummy closely misses you.
The mummy hits you.
You hit the mummy. You bite the mummy, but do no damage.
The mummy is moderately damaged.
Your leather armour prevents you from hitting the mummy.
The mummy closely misses you.
You hit the mummy but do no damage.
The mummy is moderately damaged.
You hit the mummy but do no damage. The mummy hits you!
* * * LOW HITPOINT WARNING * * *
Okay, then.
It was a potion of curing.
You feel better. The mummy closely misses you.
You feel better. The mummy barely misses you. The mummy hits you!
You hit the mummy.
The mummy is almost destroyed.
You hit the mummy but do no damage. The mummy barely misses you.
You hit the mummy.
You destroy the mummy!
You hit the mummy. The mummy barely misses you.
Your Throwing skill increases to level 3!
Your Armour skill increases to level 3!
You barely miss the mummy.
The mummy is moderately damaged.
The mummy hits you but does no damage.
You hit the mummy.
The mummy is heavily damaged.
You hit the mummy.
The mummy is severely damaged.
The mummy hits you!
* * * LOW HITPOINT WARNING * * *
You slash the mummy! You bite the mummy, but do no damage.
The mummy is almost destroyed.
The mummy hits you!
You die...

### ###.###
##..?!.## ##### ∆
#?!?@.?.# #!..#
####M#### #!.?# #.#
##.## ###'### #.###
##.....## ##.'.#
##.......###..###
#...^.....#...'.#
..'M...⌠....'...###
..#.........#...'.#


You could see a mummy.

Vanquished Creatures
  3 mummies (Ossuary)
  3 gnolls (D:4)
  3 adders
  2 orcs
  8 endoplasms
  5 giant cockroaches
  A gnoll zombie (Ossuary)
  8 goblins
  3 hobgoblins
  6 jackals
  2 quokkas
  3 ball pythons
  4 bats
  4 frilled lizards
  2 goblin zombies (Ossuary)
  A kobold (D:4)
  A kobold zombie (Ossuary)
  3 rats
62 creatures vanquished.

Vanquished Creatures (others)
  9 plants (D:4)
9 creatures vanquished.

Grand Total: 71 creatures vanquished

Notes
Turn   | Place    | Note
-------+----------+-------------------------------------------
     0 | D:1      | iamoutofideas the Gnoll Warper began the quest for the Orb.
     0 | D:1      | Reached XP level 1. HP: 20/20 MP: 6/6
   415 | D:1      | Reached XP level 2. HP: 26/26 MP: 7/7
   445 | D:1      | Found Qeijie Vion's Distillery.
  1206 | D:1      | Reached XP level 3. HP: 31/31 MP: 9/9
  1395 | D:2      | Reached skill level 5 in Spellcasting
  1705 | D:2      | Learned a level 2 spell: Blink
  1709 | D:2      | Learned a level 3 spell: Gell's Gravitas
  1713 | D:2      | Learned a level 3 spell: Lesser Beckoning
  1717 | D:2      | Learned a level 3 spell: Teleport Other
  1738 | D:2      | Reached skill level 1 in Invocations
  2043 | D:2      | Reached skill level 1 in Short Blades
  2043 | D:2      | Reached skill level 1 in Long Blades
  2043 | D:2      | Reached skill level 1 in Maces & Flails
  2043 | D:2      | Reached skill level 1 in Polearms
  2043 | D:2      | Reached skill level 1 in Staves
  2043 | D:2      | Reached skill level 1 in Slings
  2043 | D:2      | Reached skill level 1 in Bows
  2043 | D:2      | Reached skill level 1 in Crossbows
  2043 | D:2      | Reached skill level 1 in Stealth
  2043 | D:2      | Reached skill level 1 in Shields
  2043 | D:2      | Reached skill level 1 in Unarmed Combat
  2043 | D:2      | Reached skill level 1 in Evocations
  2109 | D:2      | Found a hazy altar of Hepliaklqana.
  2197 | D:2      | Found a faded altar of an unknown god.
  2555 | D:3      | Reached XP level 4. HP: 38/38 MP: 11/11
  3344 | D:4      | Reached skill level 1 in Conjurations
  3344 | D:4      | Reached skill level 1 in Hexes
  3344 | D:4      | Reached skill level 1 in Summonings
  3344 | D:4      | Reached skill level 1 in Necromancy
  3344 | D:4      | Reached skill level 1 in Transmutations
  3344 | D:4      | Reached skill level 1 in Fire Magic
  3344 | D:4      | Reached skill level 1 in Ice Magic
  3344 | D:4      | Reached skill level 1 in Air Magic
  3344 | D:4      | Reached skill level 1 in Earth Magic
  3344 | D:4      | Reached skill level 1 in Poison Magic
  3611 | D:4      | Found a sand-covered staircase.
  3630 | D:4      | Reached XP level 5. HP: 33/43 MP: 12/12
  3639 | Ossuary  | Entered an ossuary
  4017 | Ossuary  | Mangled by a mummy

Illustrated notes

Levels and vault maps discovered:
D:1:      scummos_arrival_checkerplants, layout_basic, serial_shops,
          nicolae_shop_waterfront
D:2:      layout_basic, basic_altar, shapermc_ecumenical_altar_ellora
D:3:      layout_basic, chequers_serial_rivers_small_a
D:4:      wad_woods_settlement, layout_basic,
          minmay_temple_entry_enclosed_plants, enter_ossuary_2
Ossuary:  ossuary_crypta

Skill      XL: |  1  2  3  4  5 |
---------------+----------------+-----
Spellcasting   | 5 |  5.2
Invocations    | 1 |  1.6
Short Blades   | 1 |  1.4
Long Blades    | 1 |  1.4
Maces & Flails | 1 |  1.4
Polearms       | 1 |  1.4
Staves         | 1 |  1.4
Slings         | 1 |  1.4
Bows           | 1 |  1.4
Crossbows      | 1 |  1.4
Stealth        | 1 |  1.4
Shields        | 1 |  1.4
Unarmed Combat | 1 |  1.4
Evocations     | 1 |  1.4
Conjurations   | 1 |  1.1
Hexes          | 1 |  1.1
Summonings     | 1 |  1.1
Necromancy     | 1 |  1.1
Transmutations | 1 |  1.1
Fire Magic     | 1 |  1.1
Ice Magic      | 1 |  1.1
Air Magic      | 1 |  1.1
Earth Magic    | 1 |  1.1
Poison Magic   | 1 |  1.1
Throwing       | 3 |  3.0
Armour         | 3 |  3.0
Fighting       | |  4.8
Axes           | |  4.8
Dodging        | |  4.8
Translocations | |  5.5

Action                   |  1- 3 |  4- 6 || total
-------------------------+-------+-------++-------
Melee: Hand axe          |   114 |   158 ||   272
       Bite              |     8 |    17 ||    25
  Use: Scroll            |     1 |     3 ||     4
       Potion            |       |     2 ||     2
 Stab: Sleeping          |     2 |     1 ||     3
       Distracted        |     1 |       ||     1
Armor: Leather armour    |    43 |    50 ||    93
Dodge: Dodged            |    74 |    91 ||   165

Table legend: (Time is in decaauts)
 A = Elapsed time spent in this place.
 B = Non-inter-level travel time spent in this place.
 C = Inter-level travel time spent in this place.
 D = Time resting spent in this place.
 E = Time spent auto-exploring this place.
 F = Levels seen in this place.
 G = Mean time per level.
                   A        B        C        D        E       F      G
               +--------+--------+--------+--------+--------+-----+--------+
         Total |   4037 |   3941 |     96 |    162 |   3074 |   5 |  807.4 |
       Dungeon |   3655 |   3559 |     96 |     22 |   2982 |   4 |  913.8 |
       Ossuary |    381 |    381 |      0 |    140 |     92 |   1 |  381.0 |
               +--------+--------+--------+--------+--------+-----+--------+

Top non-repeatable levels by time:
     D:1: 1364 daAuts
     D:2: 1128 daAuts
     D:3: 786 daAuts
 Ossuary: 381 daAuts
     D:4: 376 daAuts
